 Dungeon Crawl Stone Soup version 0.21.1-1-g345015f (webtiles) character file.

399 Bibiz0n the Skirmisher (level 6, -2/53 HPs)
             Began as a Minotaur Monk on Apr 7, 2018.
             Was a Believer of Dithmenos.
             Slain by Melicamp's ghost (6 damage)
             ... on level 4 of the Dungeon on Apr 8, 2018.
             The game lasted 00:32:15 (3426 turns).

Bibiz0n the Skirmisher (Minotaur Monk)              Turns: 3426, Time: 00:32:15

Health: -2/53      AC:  8    Str: 28    XL:     6   Next: 53%
Magic:  5/5        EV: 11    Int:  7    God:    Dithmenos [**....]
Gold:   142        SH:  0    Dex: 13    Spells: 5/5 levels left

rFire    + . .     SeeInvis .   q - -3 hand axe
rCold    . . .     Gourm    .   (no shield)
rNeg     . . .     Faith    .   t - +1 ring mail
rPois    .         Spirit   .   (helmet restricted)
rElec    .         Reflect  .   (no cloak)
rCorr    .         Harm     .   d - +1 pair of gloves
MR       .....                  (no boots)
Stlth    +.........             (no amulet)
HPRegen  0.17/turn              j - +6 ring of strength
MPRegen  0.09/turn              r - ring of protection from fire

@: mighty, wreathed by umbra, very heavily drained
A: retaliatory headbutt, horns 2
a: Shadow Step, Renounce Religion


You were on level 4 of the Dungeon.
You worshipped Dithmenos.
Dithmenos was pleased with you.
You were not hungry.

You visited 1 branch of the dungeon, and saw 4 of its levels.

You collected 142 gold pieces.

Inventory:

Hand Weapons
 q - a -3 hand axe (weapon)
Missiles
 a - 2 tomahawks (quivered)
 i - 47 stones
Armour
 d - a +1 pair of gloves (worn)
 t - a +1 ring mail (worn)
Jewellery
 j - a +6 ring of strength (left hand)
 r - a ring of protection from fire (right hand)
Scrolls
 e - 3 scrolls of random uselessness {unknown}
 h - a scroll of immolation {unknown}
 k - 4 scrolls of blinking {unknown}
 l - a scroll of fear {unknown}
 m - 5 scrolls of identify
 n - a scroll of remove curse
 s - a scroll of enchant weapon {unknown}
Potions
 c - a potion of cancellation {unknown}
 p - a potion of degeneration {unknown}
Comestibles
 b - 9 rations


   Skills:
 + Level 4.6(1.7) Fighting
 * Level 4.3(1.4) Axes
 - Level 0.1(0.0) Throwing
 + Level 1.6(0.0) Armour
 + Level 4.4(1.5) Dodging
 + Level 2.8(0.0) Stealth
 - Level 4.4(1.6) Unarmed Combat


You had 5 spell levels left.
You didn't know any spells.

Dungeon Overview and Level Annotations

Branches:
Dungeon (4/15)
 Temple: D:4-7

Altars:
Cheibriados
Dithmenos
Nemelex Xobeh
Sif Muna

Annotations:
D:4 Melicamp's ghost, novice BaWn


Innate Abilities, Weirdness & Mutations

You reflexively headbutt those who attack you in melee.
You have a pair of horns on your head.


Message History

Melicamp's ghost barely misses you. Melicamp's ghost hits you.
* * * LOW HITPOINT WARNING * * *
You feel drained.
* * * LOW HITPOINT WARNING * * *
You feel mightier all of a sudden. Melicamp's ghost misses you.
You furiously retaliate!
You headbutt Melicamp's ghost! You barely miss Melicamp's ghost.
Your headbutt misses Melicamp's ghost.
Melicamp's ghost is almost destroyed.
Melicamp's ghost hits you.
* * * LOW HITPOINT WARNING * * *
You feel drained.
* * * LOW HITPOINT WARNING * * *
You closely miss Melicamp's ghost.
Melicamp's ghost is almost destroyed.
Melicamp's ghost closely misses you.
You hit Melicamp's ghost but do no damage.
Melicamp's ghost is almost destroyed.
Melicamp's ghost hits you.
You die...

...##.................
...#.............<....
...............(......
#..##.†...............
#...#.................
......##..............
......##.......######
..#...........wW.####
# ###.........##@...#
##....[>..#####...#
#........# #.#
.........<.# .
...#.......#
..###......#....... ..
..............F.
.####.......(....
.............#


You could see Melicamp's ghost and a dart slug.

Vanquished Creatures
  The ghost of iamserjio the Sneak, an amateur OpMo (D:3)
  A bullfrog zombie (D:4)
  A hound (D:4)
  A bullfrog skeleton (D:4)
  An iguana (D:4)
  Jessica (D:2)
  5 adders
  An ooze (D:3)
  3 worms
  5 dart slugs
  2 leopard geckos
  2 orcs (D:3)
  2 giant cockroaches
  7 goblins
  7 hobgoblins
  4 quokkas
  9 bats
  2 frilled lizards
  9 kobolds
  A leopard gecko skeleton (D:4)
  9 rats
74 creatures vanquished.

Notes
Turn   | Place    | Note
-------+----------+-------------------------------------------
     0 | D:1      | Bibiz0n the Minotaur Monk began the quest for the Orb.
     0 | D:1      | Reached XP level 1. HP: 19/19 MP: 0/0
   258 | D:1      | Reached XP level 2. HP: 27/27 MP: 1/1
  1101 | D:1      | Reached XP level 3. HP: 33/33 MP: 2/2
  1236 | D:2      | Noticed Jessica
  1242 | D:2      | Killed Jessica
  1254 | D:2      | Reached XP level 4. HP: 25/40 MP: 3/3
  2063 | D:2      | Found a shadowy altar of Dithmenos.
  2071 | D:2      | Became a worshipper of Dithmenos the Shadowed
  2071 | D:2      | Reached * piety under Dithmenos
  2071 | D:2      | Reached ** piety under Dithmenos
  2185 | D:3      | Reached skill level 1 in Axes
  2186 | D:3      | Noticed iamserjio's ghost (amateur OpMo)
  2212 | D:3      | Killed iamserjio's ghost
  2212 | D:3      | Reached XP level 5. HP: 31/47 MP: 4/4
  2565 | D:3      | Reached skill level 1 in Armour
  2679 | D:3      | Found a snail-covered altar of Cheibriados.
  2770 | D:3      | Found a deep blue altar of Sif Muna.
  2957 | D:3      | Found a sparkling altar of Nemelex Xobeh.
  2969 | D:3      | Reached XP level 6. HP: 52/53 MP: 5/5
  3383 | D:4      | Noticed Melicamp's ghost (novice BaWn)
  3426 | D:4      | Slain by Melicamp's ghost

Skill      XL: |  1  2  3  4  5  6 |
---------------+-------------------+-----
Fighting       | 4 |  4.6
Unarmed Combat | 4 |  4.4
Stealth        | 2 |  2.8
Dodging        | 4 |  4.4
Axes           | 2 3 4 |  4.3
Armour         | 1 |  1.6
Throwing       | |  0.1

Action                   |  1- 3 |  4- 6 || total
-------------------------+-------+-------++-------
Melee: Unarmed           |    72 |    11 ||    83
       Headbutt          |     8 |    22 ||    30
       Hand axe          |       |    99 ||    99
       Punch             |       |     2 ||     2
Throw: Stone             |     5 |    15 ||    20
       Tomahawk          |       |     3 ||     3
  Use: Scroll            |       |     3 ||     3
       Potion            |       |     2 ||     2
 Stab: Sleeping          |     1 |     5 ||     6
  Eat: Chunk             |       |     5 ||     5
       Ration            |       |     1 ||     1
Armor: Robe              |    13 |     4 ||    17
       Leather armour    |       |    18 ||    18
       Ring mail         |       |     7 ||     7
Dodge: Dodged            |    38 |    82 ||   120
